 Dungeon Crawl Stone Soup version 0.31-a0-1-g4198be8af4 (webtiles) character file.

Game seed: 5774258892224531655

5467 bande the Cleaver (level 10, -2/61 HPs)
             Began as a Gargoyle Fighter on May 2, 2023.
             Was a Priest of Okawaru.
             Slain by a two-headed ogre
             ... wielding a +0 giant club
              (22 damage)
             ... on level 10 of the Dungeon.
             The game lasted 00:18:21 (8588 turns).

bande the Cleaver (Gargoyle Fighter)                Turns: 8588, Time: 00:18:22

Health: -2/61      AC: 19    Str: 19    XL:     10   Next: 69%
Magic:  13/13      EV:  7    Int: 10    God:    Okawaru [***...]
Gold:   151        SH: 15    Dex: 13    Spells: 9/9 levels left

rFire   . . .        x - +5 broad axe of Focus {protect, rN+}
rCold   . . .        b - +0 kite shield
rNeg    + + .        v - +0 chain mail
rPois   ∞            (no helmet)
rElec   +            (no cloak)
rCorr   .            (no gloves)
SInv    .            s - +0 pair of boots
Will    .....        k - amulet of reflection Stlth
                     (no ring)
HPRegen 0.30/turn    (no ring)
MPRegen 0.13/turn

%: reflection
@: no status effects
A: sickness immunity, AC +7, negative energy resistance 1, electricity
resistance, torment resistance 1, petrification resistance
a: Renounce Religion, Heroism


You were on level 10 of the Dungeon.
You worshipped Okawaru.
Okawaru was most pleased with you.
You visited 2 branches of the dungeon, and saw 10 of its levels.
You also visited: Sewer and Ossuary.

You collected 467 gold pieces.
You spent 316 gold pieces at shops.

Inventory:

Hand Weapons
 a - a +1 war axe of electrocution
 q - the +4 hand axe of Qerchiahu {heavy, MP+9 Dex+3}
   (You bought it in a shop on level 1 of the Dungeon)

   Dex:       It affects your dexterity (+3).
   MP:        It affects your magic capacity (+9).
 r - a +0 flail
 x - the +5 broad axe of Focus (weapon) {protect, rN+}
   (You bought it in a shop on level 1 of the Dungeon)

   rN:        It protects you from negative energy.
Missiles
 j - 2 throwing nets (quivered)
Armour
 b - a +0 kite shield (worn)
 s - a +0 pair of boots (worn)
 v - a +0 chain mail (worn)
Jewellery
 i - a ring of ice
 k - an amulet of reflection (around neck)
 w - a +4 ring of protection
Wands
 e - a wand of quicksilver (13)
 m - a wand of charming (3)
 u - a wand of flame (10)
 y - a wand of iceblast (6)
Scrolls
 c - 2 scrolls of poison
 g - a scroll of teleportation
 n - 7 scrolls of identify
 o - 3 scrolls of enchant weapon
Potions
 d - a potion of haste
 f - 3 potions of mutation
 h - a potion of flight
 l - a potion of berserk rage
 p - a potion of resistance
 t - 3 potions of heal wounds
 z - a potion of ambrosia


   Skills:
 + Level 6.5 Fighting
 + Level 8.5 Axes
 + Level 7.6 Armour
 + Level 8.2 Shields
 * Level 4.1 Invocations
 * Level 5.2 Evocations


You had 9 spell levels left.
You didn't know any spells.
Your spell library contained the following spells:

 Spells                   Type           Power      Damage    Failure   Level
 Blink                    Tloc           0%         N/A       100%        2
 Lesser Beckoning         Tloc           0%         N/A       100%        2
 Momentum Strike          Conj/Tloc      0%         3d8       100%        2
 Dazzling Flash           Conj/Hex       0%         N/A       100%        3
 Volatile Blastmotes      Fire/Tloc      0%         2d10      100%        3
 Iskenderun's Mystic Bla  Conj/Tloc      0%         2d3       100%        4
 Starburst                Conj/Fire      0%         6d3       100%        6


Dungeon Overview and Level Annotations

Branches:
Dungeon (8/15)             Temple (1/1) D:6            Lair (0/5) D:10
  Sewer (visited)         Ossuary (visited)

Altars:
Ashenzari
Cheibriados
Elyvilon
Gozag
Kikubaaqudgha
Makhleb
Okawaru
Qazlal
Ru
Vehumet
Wu Jian
Yredelemnul

Shops:
D:1 =(!(   D:2 *   D:3 =   D:5 *


Innate Abilities, Weirdness & Mutations

You are immune to sickness and miasma.
Your stone body is resilient. (AC +7)
You are immune to poison.
You resist negative energy. (rN+)
You are resistant to electric shocks. (rElec)
You are resistant to unholy torment.
You are immune to petrification.


Message History

The cyclops hits you but does no damage.
You slash the cyclops!
The cyclops is heavily wounded.
You block the cyclops's attack.
You hit the cyclops.
The cyclops is heavily wounded.
The cyclops hits you but does no damage.
You barely miss the cyclops.
The cyclops is heavily wounded.
The cyclops hits you!
You hit the cyclops.
The cyclops is severely wounded.
The cyclops hits you!!
You slash the cyclops!
The cyclops is almost dead.
The cyclops closely misses you.
You hit the cyclops.
The cyclops is almost dead.
You block the cyclops's attack.
You hit the cyclops.
The cyclops is almost dead.
You hit the cyclops.
The cyclops is almost dead.
The cyclops hits you!!
* * * LOW HITPOINT WARNING * * *
You slash the cyclops!
You kill the cyclops!
Okawaru accepts your kill.
Okawaru will now gift you throwing weapons as you gain piety.
Your Invocations skill increases to level 4!
Things that are here:
5 large rocks; a cyclops corpse You see here a potion of lignification.
Found an escape hatch in the ceiling.
A two-headed ogre comes into view.
It is wielding a +0 giant club and a +0 giant spiked club.
The two-headed ogre shouts in stereo!
You hear an angry hiss.
A shadow comes into view.
You barely miss the two-headed ogre. The two-headed ogre barely misses you.
The two-headed ogre hits you with a +0 giant spiked club!!
You die...

##.~≈~....
##........##
##..........## W
##............#..
##................
##.................
#<.................
...........@O......
...................
...................
.....................
.....................
......
............#.....≈≈≈
.......
.....~~~...###....≈§≈
≈....... .....~~~..##
#...§§≈ ≈§......
.....~~~...###....§≈
≈.......


You could see a two-headed ogre and a shadow.

Vanquished Creatures
  A two-headed ogre (D:10)
  Pikel (D:5)
  2 cyclopes
  2 hornets
  A steam dragon (D:8)
  Menkaure (D:6)
  An acid dragon (D:10)
  Pargi (Sewer)
  2 ogres
  A black bear (D:6)
  3 ice beasts
  2 centaurs
  A lemure (D:5)
  2 phantoms (D:6)
  Blork the orc (D:4)
  2 kobold brigands (D:7)
  2 bullfrogs
  2 gnoll sergeants
  A scorpion (D:5)
  5 wights (D:7)
  An electric eel (D:7)
  4 howler monkeys (D:7)
  A lava snake (D:10)
  2 jellies
  An orc priest (D:6)
  5 hounds
  A sleepcap (D:7)
  A gnoll bouda (D:5)
  Jessica (D:3)
  4 iguanas
  3 orc wizards
  Natasha (twice) (D:2)
  A mummy (Ossuary)
  4 adders
  20 gnolls
  A river rat (D:5)
  A shadow imp (D:7)
  4 white imps
  An ufetubus (D:7)
  5 worms
  A dart slug (D:5)
  11 orcs
  6 spectral bats (Ossuary)
  11 bats
  6 endoplasms
  7 giant cockroaches
  12 gnoll zombies (Ossuary)
  7 goblins
  4 hobgoblins
  7 jackals
  A quokka (D:4)
  5 ball pythons
  4 bat simulacra (Ossuary)
  4 frilled lizards
  A goblin simulacrum (Ossuary)
  5 goblin zombies (Ossuary)
  5 hobgoblin zombies (Ossuary)
  17 kobolds
  3 kobold simulacra (Ossuary)
  3 kobold zombies (Ossuary)
  5 orc zombies (Ossuary)
  8 rats
  4 rat simulacra (Ossuary)
  4 spectral goblins (Ossuary)
  3 spectral kobolds (Ossuary)
  A spectral rat (Ossuary)
242 creatures vanquished.

Notes
Turn   | Place    | Note
-------+----------+-------------------------------------------
     0 | D:1      | bande the Gargoyle Fighter began the quest for the Orb.
     0 | D:1      | Reached XP level 1. HP: 14/14 MP: 1/1
    69 | D:1      | Reached XP level 2. HP: 19/19 MP: 2/2
   212 | D:1      | Found Peugeivo's Jewellery Shoppe.
   436 | D:1      | Reached XP level 3. HP: 24/24 MP: 3/3
   443 | D:1      | Found a faded altar of an unknown god.
   489 | D:1      | Found Laumobo's Weapon Emporium.
   649 | D:1      | Found Kocsogadi's Distillery.
   677 | D:1      | Bought a potion of degeneration for 10 gold pieces
   758 | D:1      | Found Wavvutu's Antique Weapon Boutique.
  1048 | D:2      | Found Oduolim's Assorted Antiques.
  1134 | D:2      | Noticed Natasha
  1141 | D:2      | Killed Natasha
  1142 | D:2      | Reached XP level 4. HP: 29/29 MP: 4/4
  1360 | D:2      | Noticed Natasha
  1367 | D:2      | Killed Natasha
  1623 | D:3      | Found Fis Wor's Jewellery Shoppe.
  1894 | D:3      | Noticed Jessica
  1897 | D:3      | Reached XP level 5. HP: 32/33 MP: 5/5
  1901 | D:3      | Killed Jessica
  2004 | D:3      | Found an ornate altar of the Wu Jian Council.
  2259 | D:4      | Found a white marble altar of Elyvilon.
  2400 | D:4      | Noticed Blork the orc
  2401 | D:4      | Noticed an ogre
  2415 | D:4      | Killed an ogre
  2416 | D:4      | Reached XP level 6. HP: 7/38 MP: 6/6
  2416 | D:4      | HP: 1/38 [Blork the orc/magic dart (6)]
  2417 | D:4      | Killed Blork the orc
  2437 | D:4      | Found a sand-covered staircase.
  2442 | Ossuary  | Entered an ossuary
  3190 | Ossuary  | Reached XP level 7. HP: 44/44 MP: 7/7
  3464 | D:5      | Entered Level 5 of the Dungeon
  3599 | D:5      | Found a glowing drain.
  3609 | Sewer    | Entered a sewer
  3667 | Sewer    | Noticed Pargi
  3682 | Sewer    | Killed Pargi
  3683 | Sewer    | Reached skill level 5 in Axes
  3683 | Sewer    | Reached skill level 1 in Evocations
  3889 | D:1      | Bought a dazzling hand axe for 144 gold pieces
  3889 | D:1      | Identified the +4 hand axe of Qerchiahu {heavy, MP+9 Dex+3}
                  | (You bought it in a shop on level 1 of the Dungeon)
  3999 | D:5      | Reached skill level 5 in Armour
  4004 | D:5      | Reached skill level 5 in Shields
  4690 | D:5      | Reached XP level 8. HP: 39/48 MP: 8/8
  4869 | D:5      | Found an ancient bone altar of Kikubaaqudgha.
  4872 | D:5      | Noticed Pikel
  4885 | D:5      | Killed Pikel
  4886 | D:5      | Reached skill level 5 in Fighting
  5523 | D:5      | Found Cytudukk's Assorted Antiques.
  5548 | D:5      | Reached XP level 9. HP: 54/54 MP: 9/9
  5613 | D:5      | Found a sacrificial altar of Ru.
  5902 | D:6      | Found a staircase to the Ecumenical Temple.
  5919 | Temple   | Entered the Ecumenical Temple
  5931 | Temple   | Became a worshipper of Warmaster Okawaru
  6058 | D:6      | Identified the +2 leather armour of Resilience {rN+++ MP-9
                  | Dex+6 Slay-5}
  6455 | D:6      | Noticed Menkaure
  6461 | D:6      | Killed Menkaure
  6462 | D:6      | Reached skill level 1 in Invocations
  6767 | D:7      | Noticed a hornet
  6781 | D:7      | Killed a hornet
  6781 | D:7      | Reached * piety under Okawaru
  6840 | D:7      | Noticed a cyclops
  6854 | D:7      | Killed a cyclops
  6940 | D:7      | Reached XP level 10. HP: 52/60 MP: 11/11
  7103 | D:1      | Bought a faintly glowing broad axe for 162 gold pieces
  7103 | D:1      | Identified the +5 broad axe of Focus {protect, rN+} (You
                  | bought it in a shop on level 1 of the Dungeon)
  7370 | D:7      | Found a radiant altar of Vehumet.
  7655 | D:7      | Reached ** piety under Okawaru
  8246 | D:8      | You fall into a shaft and drop 2 floors!
  8246 | D:10     | Entered Level 10 of the Dungeon
  8272 | D:10     | Found an opulent altar of Gozag.
  8279 | D:10     | Noticed a two-headed ogre
  8290 | D:10     | Killed a two-headed ogre
  8291 | D:10     | Reached skill level 5 in Evocations
  8398 | D:10     | Found a staircase to the Lair.
  8544 | D:10     | Noticed a cyclops
  8560 | D:10     | Killed a cyclops
  8560 | D:10     | Reached *** piety under Okawaru
  8584 | D:10     | Noticed a two-headed ogre
  8588 | D:10     | Slain by a two-headed ogre

Illustrated notes

Levels and vault maps discovered:
D:1:      minmay_arrival_doors, layout_basic,
          hellmonk_ecumenical_altar_crossroads, serial_shops, shop, shop,
          nicolae_shop_pleasant_corner_grove, nicolae_shop_advertising_works
          [nicolae_subvault_shop_adworks]
D:2:      layout_basic, serial_shops, nicolae_shop_statue_plus, uniq_natasha
D:3:      layout_loops_ring, nicolae_wu_jian_immortal_techniques, serial_shops,
          nicolae_shop_just_a_little_nook, st_stairs_12, uniq_jessica
D:4:      layout_rooms, elyvilon_altar_3, nicolae_ossuary_entry_plus,
          uniq_blork_the_orc
D:5:      layout_basic, mainiacjoe_overflow_boulevard,
          mainiacjoe_overflow_24_doors, serial_shops, shop,
          portal_sewer_entry_b, sigmund_army, uniq_pikel
D:6:      black_bear_nest_2, layout_cave_pools, temple_green, uniq_menkaure
D:7:      layout_gridville, amcnicky_altar_gilded, kennysheep_generic_room_2
D:8:      layout_basic, mainiacjoe_overflow_concentric_impassable, serial_shops,
          shop, nicolae_take_the_stairs, nicolae_shop_tiny_statue_garden,
          serial_glass, glass_columns_a, glass_columns_a, glass_columns_c,
          minmay_radiant, uniq_grum
D:10:     layout_big_octagon, general_overflow_altar, enter_bailey_2,
          hive_lemuel
Temple:   hellmonk_temple_of_storms

Skill      XL: |  1  2  3  4  5  6  7  8  9 10 |
---------------+-------------------------------+-----
Axes           | 2 3 4 5 6 7 8 |  8.5
Shields        | 4 5 6 7 8 |  8.2
Armour         | 4 5 6 7 |  7.6
Fighting       | 4 5 6 |  6.5
Evocations     | 1 3 4 5 |  5.2
Invocations    | 2 4 |  4.1

Action                     |  1- 3 |  4- 6 |  7- 9 | 10-12 || total
---------------------------+-------+-------+-------+-------++-------
  Melee: War axe           |    98 |   207 |    64 |       ||   369
         Hand axe          |       |       |   217 |    18 ||   235
         Broad axe         |       |       |       |    92 ||    92
    Use: Scroll            |     6 |     6 |     7 |     3 ||    22
         Potion            |       |     2 |     4 |       ||     6
 Armour: Scale mail        |    60 |    91 |   132 |       ||   283
         Chain mail        |       |       |    47 |    40 ||    87
  Dodge: Dodged            |    59 |    67 |   100 |    36 ||   262
  Block: Buckler           |    19 |   108 |   192 |       ||   319
         Reflection        |       |       |     4 |    10 ||    14
         Kite shield       |       |       |    38 |    85 ||   123

Table legend: (Time is in decaauts)
 A = Elapsed time spent in this place.
 B = Non-inter-level travel time spent in this place.
 C = Inter-level travel time spent in this place.
 D = Time resting spent in this place.
 E = Time spent auto-exploring this place.
 F = Levels seen in this place.
 G = Mean time per level.
                   A        B        C        D        E       F      G
               +--------+--------+--------+--------+--------+-----+--------+
         Total |   8890 |   8239 |    651 |   1795 |   4504 |  12 |  740.8 |
       Dungeon |   7926 |   7275 |    651 |   1345 |   4312 |   9 |  880.7 |
        Temple |     27 |     27 |      0 |      0 |      2 |   1 |   27.0 |
         Sewer |    123 |    123 |      0 |     33 |     27 |   1 |  123.0 |
       Ossuary |    811 |    811 |      0 |    417 |    163 |   1 |  811.0 |
               +--------+--------+--------+--------+--------+-----+--------+

Top non-repeatable levels by time:
     D:5: 1730 daAuts
     D:6: 1058 daAuts
     D:1: 1011 daAuts
     D:4: 975 daAuts
     D:7: 946 daAuts
     D:3: 841 daAuts
 Ossuary: 811 daAuts
     D:2: 696 daAuts
    D:10: 350 daAuts
     D:8: 316 daAuts
   Sewer: 123 daAuts
  Temple: 27 daAuts
